 Dungeon Crawl Stone Soup version 0.32-a0-42-ga30500b4d3 (webtiles) character file.

Game seed: 13753292173215972928

64 Newt the Cudgeller (level 4, -5/29 HPs)
             Began as a Gargoyle Monk on Feb 1, 2024.
             Incinerated by a bombardier beetle (6 damage)
             ... with a burning spray
             ... on level 2 of the Dungeon.
             The game lasted 00:01:29 (1583 turns).

Newt the Cudgeller (Gargoyle Monk)                  Turns: 1583, Time: 00:01:29

Health: -5/29      AC:  6    Str: 17    XL:     4   Next: 12%
Magic:  4/4        EV: 12    Int: 10    God:
Gold:   50         SH:  0    Dex: 12    Spells: 3/3 levels left

rFire   . . .        a - +0 mace
rCold   . . .        d - orb {light}
rNeg    + . .        b - +0 robe
rPois   ∞            (no helmet)
rElec   +            (no cloak)
rCorr   .            f - +0 pair of gloves
SInv    .            (no boots)
Will    .....        (no amulet)
Stlth   +            (no ring)
HPRegen 0.24/turn    (no ring)
MPRegen 0.09/turn

%: no passive effects
@: confused, on fire, ambrosia-drunk, glowing
A: sickness immunity, AC +3, negative energy resistance 1, electricity
resistance, torment resistance 1, petrification resistance
a: no special abilities


You were on level 2 of the Dungeon.
You visited 1 branch of the dungeon, and saw 3 of its levels.

You collected 50 gold pieces.

Inventory:

Hand Weapons
 a - a +0 mace (weapon)
Armour
 b - a +0 robe (worn)
 d - an orb of light (worn)
 f - a +0 pair of gloves (worn)
Wands
 m - a wand of digging (4)
Scrolls
 o - a scroll of identify {unknown}
Potions
 e - 2 potions of attraction {unknown}
 g - a potion of heal wounds {unknown}
 h - 2 potions of degeneration {unknown}
 i - a potion of mutation {unknown}
 j - a potion of berserk rage {unknown}
 k - a potion of brilliance {unknown}


   Skills:
 + Level 4.0 Fighting
 * Level 4.3 Maces & Flails
 - Level 2.4 Dodging


You had 3 spell levels left.
You didn't know any spells.
Your spell library contained the following spells:

 Spells                   Type           Power      Damage    Failure   Level
 Sting                    Conj/Alch      0%         1d3       36%         1
 Mercury Vapours          Alch/Air       0%         N/A       50%         2
 Olgreb's Toxic Radiance  Alch           0%         N/A       98%         4


Dungeon Overview and Level Annotations

Branches:
Dungeon (3/15)

Altars:

Shops:
D:2 *


Innate Abilities, Weirdness & Mutations

You are immune to sickness and miasma.
Your stone body is resilient. (AC +3)
You are immune to poison.
You resist negative energy. (rN+)
You are resistant to electric shocks. (rElec)
You are resistant to unholy torment.
You are immune to petrification.


Message History

Unknown command.
You hit the bombardier beetle but do no damage.
Unknown command.
You hit the bombardier beetle.
The bombardier beetle is lightly wounded.
The bombardier beetle barely misses you.
You hit the bombardier beetle but do no damage.
The bombardier beetle is lightly wounded.
The bombardier beetle bites you but does no damage.
You hit the bombardier beetle.
The bombardier beetle is moderately wounded.
The bombardier beetle sprays incendiary fluid at you.
The burning spray hits you.
You are covered in liquid fire!
You hit the bombardier beetle.
The bombardier beetle is heavily wounded.
The liquid fire burns you!
You hit the bombardier beetle but do no damage.
The bombardier beetle is heavily wounded.
The liquid fire burns you!
The bombardier beetle bites you but does no damage.
You hit the bombardier beetle but do no damage.
The bombardier beetle is heavily wounded.
The liquid fire burns you!
The bombardier beetle barely misses you.
You hit the bombardier beetle but do no damage.
The bombardier beetle is moderately wounded.
The liquid fire burns you! The bombardier beetle bites you.
* * * LOW HITPOINT WARNING * * *
You shake off some of the fire as you move.
The liquid fire burns you!
* * * LOW HITPOINT WARNING * * *
Things that are here:
a +0 dagger; a goblin corpse Unknown command.
You are confused.
You feel invigorated. The liquid fire burns you!
You die...

...............#....###.####
.........#######....# #.#
.........## #....# #.#
...#####..#### #....# #.#
.............# #....# #.#
.............# #....# #.#
.............####.### #.#
#.............###B# #.#
#...............@># #.#
#............##.### #.#
#............##.# #.#
###############.# #.# #.#
#.# #######.# #.# #.......#
#.# #.#############.# #.#
#.......#


You could see a bombardier beetle.

Vanquished Creatures
  3 adders (D:2)
  A dart slug (D:2)
  4 ball pythons
  A bat (D:2)
  5 endoplasms
  5 goblins
  3 hobgoblins
  2 frilled lizards
  7 kobolds
  3 rats
34 creatures vanquished.

Notes
Turn   | Place    | Note
-------+----------+-------------------------------------------
     0 | D:1      | Newt the Gargoyle Monk began the quest for the Orb.
     0 | D:1      | Reached XP level 1. HP: 14/14 MP: 1/1
   177 | D:1      | Reached XP level 2. HP: 19/19 MP: 2/2
   637 | D:2      | Found Huaneopp's General Store.
   682 | D:2      | Reached XP level 3. HP: 18/24 MP: 3/3
  1067 | D:2      | Reached XP level 4. HP: 29/29 MP: 4/4
  1582 | D:2      | HP: 1/29 [burnt (6)]
  1583 | D:2      | Incinerated by a bombardier beetle

Illustrated notes

Levels and vault maps discovered:
D:1:      wander_arrival_abandoned_jail, layout_basic
D:2:      layout_basic, serial_shops, shop, minmay_pentomino_s4
D:3:      layout_loops_cross

Skill      XL: |  1  2  3 |
---------------+----------+-----
Maces & Flails | 4 |  4.3
Fighting       | 4 |  4.0
Dodging        | |  2.4

Action                     |  1- 3 |  4- 6 || total
---------------------------+-------+-------++-------
  Melee: Mace              |    78 |    26 ||   104
    Use: Scroll            |       |     2 ||     2
         Potion            |       |     1 ||     1
 Armour: Robe              |    40 |    13 ||    53
  Dodge: Dodged            |    50 |    25 ||    75

Table legend: (Time is in decaauts)
 A = Elapsed time spent in this place.
 B = Non-inter-level travel time spent in this place.
 C = Inter-level travel time spent in this place.
 D = Time resting spent in this place.
 E = Time spent auto-exploring this place.
 F = Levels seen in this place.
 G = Mean time per level.
                   A        B        C        D        E       F      G
               +--------+--------+--------+--------+--------+-----+--------+
         Total |   1605 |   1574 |     31 |    144 |   1166 |   3 |  535.0 |
       Dungeon |   1605 |   1574 |     31 |    144 |   1166 |   3 |  535.0 |
               +--------+--------+--------+--------+--------+-----+--------+

Top non-repeatable levels by time:
     D:2: 1009 daAuts
     D:1: 562 daAuts
     D:3: 33 daAuts
